| 12 | 0:00 | SCV | |
| 13 | 0:12 | SCV | |
| 14 | 0:17 | Supply Depot | |
| 14 | 0:24 | SCV | |
| 15 | 0:38 | SCV | |
| 15 | 0:40 | Barracks | |
| 16 | 0:44 | Refinery | |
| 16 | 0:50 | SCV | |
| 17 | 1:03 | SCV | |
| 18 | 1:15 | SCV | |
| 19 | 1:27 | SCV, Reaper | |
| 19 | 1:30 | Supply Depot | |
| 21 | 1:39 | SCV | |
| 22 | 1:44 | Refinery | |
| 22 | 1:51 | Orbital Command | |
| 22 | 2:07 | Factory | |
| 22 | 2:11 | Marine | |
| 23 | 2:16 | SCV | |
| 24 | 2:28 | SCV | |
| 24 | 2:29 | Supply Depot | |
| 25 | 2:36 | Marine | |
| 26 | 2:41 | SCV | |
| 27 | 2:53 | SCV | |
| 27 | 2:54 | Marine, Factory Tech Lab, Starport | |
| 28 | 3:04 | Command Center | |
| 28 | 3:06 | SCV | |
| 30 | 3:15 | Barracks Tech Lab | |
| 30 | 3:16 | Siege Tank | |
| 30 | 3:17 | Supply Depot | |
| 30 | 3:18 | SCV | |
| 33 | 3:32 | Liberator | |
| 33 | 3:33 | SCV | |
| 37 | 3:35 | Marine | |
| 37 | 3:38 | Stimpack | |
| 38 | 3:53 | Marine | |
| 39 | 3:55 | SCV | |
| 40 | 4:03 | Siege Tank | |
| 40 | 4:08 | SCV | |
| 44 | 4:11 | Barracks | |
| 44 | 4:12 | Engineering Bay | |
| 44 | 4:13 | Engineering Bay | |
| 44 | 4:14 | Marine | |
| 45 | 4:29 | SCV | |
| 46 | 4:36 | Supply Depot | |
| 46 | 4:40 | Terran Infantry Weapons Level 1, Terran Infantry Armor Level 1 | |
| 46 | 4:45 | Marine | |
| 47 | 4:54 | SCV | |
| 47 | 4:55 | Orbital Command | |
| 47 | 4:59 | Barracks Reactor | |
| 48 | 5:04 | Armory | |
| 48 | 5:06 | SCV | |
| 49 | 5:10 | Supply Depot, Marine | |
| 50 | 5:18 | SCV | |
| 50 | 5:20 | SCV | |
| 52 | 5:30 | SCV | |
| 52 | 5:32 | SCV | |
| 54 | 5:37 | Refinery | |
| 54 | 5:39 | Refinery | |
| 54 | 5:42 | SCV | |
| 55 | 5:43 | Marine x2, Supply Depot | |
| 55 | 5:44 | Marine | |
| 55 | 5:45 | SCV, Siege Tank | |
| 55 | 5:47 | Starport Reactor | |
| 62 | 5:54 | SCV | |
| 60 | 6:01 | SCV | |
| 61 | 6:06 | SCV | |
| 61 | 6:07 | Marine | |
| 61 | 6:08 | Marine x2 | |
| 61 | 6:09 | Combat Shield, Supply Depot | |
| 65 | 6:18 | Barracks | |
| 65 | 6:19 | Barracks | |
| 65 | 6:24 | Siege Tank | |
| 65 | 6:25 | Marine x2 | |
| 70 | 6:26 | Medivac | |
| 70 | 6:27 | Medivac | |
| 70 | 6:28 | SCV | |
| 70 | 6:31 | SCV | |
| 76 | 6:36 | Supply Depot | |
| 76 | 6:40 | SCV | |
| 76 | 6:44 | SCV | |
| 78 | 6:50 | Marine x3 | |
| 78 | 6:52 | SCV | |
| 82 | 6:54 | Terran Infantry Weapons Level 2 | |
| 82 | 6:57 | Command Center | |
| 82 | 6:59 | Terran Infantry Armor Level 2 | |
| 83 | 7:08 | SCV x2 | |
| 83 | 7:11 | Barracks | |
| 83 | 7:12 | Barracks Tech Lab, Barracks Reactor, Marine x3 | |
| 87 | 7:22 | SCV | |
| 88 | 7:23 | SCV | |
| 88 | 7:27 | Barracks | |
| 88 | 7:29 | Barracks | |
| 89 | 7:30 | Marine | |
| 89 | 7:31 | Marine x3 | |
| 82 | 7:53 | Marine x3 | |
| 82 | 7:54 | Marine, Marauder x2 | |
| 80 | 8:05 | SCV x2 | |
| 75 | 8:09 | Terran Vehicle And Ship Armor Level 1 | |
| 75 | 8:11 | Barracks Reactor | |
| 75 | 8:13 | Barracks | |
| 75 | 8:16 | Orbital Command | |
| 75 | 8:17 | SCV x2 | |
| 75 | 8:20 | Marine x3, Marauder x2 | |
| 75 | 8:21 | Marine | |
| 75 | 8:25 | Widow Mine | |
| 85 | 8:28 | Barracks | |
| 85 | 8:29 | SCV x2 | |
| 85 | 8:30 | Medivac | |
| 85 | 8:32 | Concussive Shells | |
| 89 | 8:38 | Marine | |
| 89 | 8:41 | SCV | |
| 91 | 8:42 | Marauder | |
| 91 | 8:43 | Barracks | |
| 91 | 8:44 | SCV x2 | |
| 91 | 8:46 | Refinery | |
| 95 | 8:48 | Factory | |
| 95 | 8:49 | Refinery | |
| 95 | 8:53 | Marine x2, Marauder | |
| 95 | 8:55 | SCV | |
| 100 | 8:56 | SCV | |
| 100 | 9:00 | SCV | |
| 102 | 9:05 | Barracks Reactor | |
| 102 | 9:09 | Marine x2 | |
| 106 | 9:10 | Marauder | |
| 106 | 9:12 | Terran Infantry Weapons Level 3 | |
| 106 | 9:15 | Marauder | |
| 108 | 9:17 | Terran Infantry Armor Level 3, Command Center | |
| 108 | 9:18 | SCV x2 | |
| 108 | 9:19 | SCV | |
| 108 | 9:20 | Marine | |
| 108 | 9:21 | Marine x2 | |
| 114 | 9:30 | SCV | |
| 115 | 9:32 | Barracks Tech Lab | |
| 115 | 9:36 | SCV x2 | |
| 115 | 9:37 | Factory Tech Lab | |
| 117 | 9:39 | Marine | |
| 117 | 9:40 | Marine x2 | |
| 117 | 9:42 | Marauder | |
| 117 | 9:43 | Marauder | |
| 114 | 9:51 | Marine x2 | |
| 114 | 9:52 | Marine x2, Marauder | |
| 95 | 10:02 | Marine x2 | |
| 95 | 10:03 | Barracks Tech Lab | |
| 95 | 10:04 | Marauder x2 | |
| 95 | 10:06 | SCV x3 | |
| 100 | 10:07 | Terran Vehicle And Ship Armor Level 2 | |
| 100 | 10:11 | Siege Tank x2 | |
| 100 | 10:12 | Marine x3 | |
| 100 | 10:13 | Marauder | |
| 111 | 10:18 | SCV x2, Marine | |
| 111 | 10:20 | SCV | |
| 115 | 10:25 | Marauder | |
| 117 | 10:29 | Marine x4, Marauder x2 | |
| 117 | 10:33 | Planetary Fortress | |
| 117 | 10:35 | Marauder, Refinery x2 | |
| 127 | 10:39 | SCV x2 | |
| 127 | 10:40 | SCV | |
| 127 | 10:42 | Marine x2 | |
| 132 | 10:52 | Command Center | |
| 132 | 11:19 | Supply Depot | |
| 132 | 11:20 | Supply Depot | |
| 132 | 11:40 | Marine x2, SCV x2 | |
| 132 | 11:41 | Marauder x2, Marine x4, SCV x2 | |
| 132 | 11:42 | Marauder | |
| 132 | 11:43 | Command Center | |
| 132 | 11:45 | Supply Depot | |
| 148 | 11:47 | Supply Depot | |
| 148 | 11:59 | Medivac, SCV | |
| 148 | 12:00 | Marine | |
| 148 | 12:01 | Marauder, Medivac | |
| 148 | 12:02 | Marauder | |
| 148 | 12:03 | Siege Tank, Marauder | |
| 148 | 12:04 | Siege Tank | |
| 148 | 12:06 | Marine | |
| 148 | 12:07 | Marine x5, Marauder, Supply Depot | |
| 126 | 12:17 | Marine | |
| 126 | 12:18 | Marine, Planetary Fortress | |
| 126 | 12:20 | SCV x3 | |
| 126 | 12:22 | Marauder | |
| 127 | 12:23 | Marauder | |
| 127 | 12:24 | Marine, Marauder | |
| 127 | 12:25 | Marine x5 | |
| 127 | 12:28 | Barracks Tech Lab, Barracks Reactor, Marauder | |
| 139 | 12:31 | Terran Vehicle And Ship Armor Level 3 | |
| 139 | 12:38 | SCV x4 | |
| 139 | 12:43 | Starport, Marauder | |
| 145 | 12:45 | Supply Depot | |
| 145 | 12:48 | Marine | |
| 145 | 12:49 | Marauder | |
| 145 | 12:50 | Siege Tank x2, SCV x2 | |
| 156 | 12:51 | Marine | |
| 156 | 12:52 | Marine x2, Marauder x3 | |
| 156 | 12:58 | Fusion Core | |
| 165 | 13:01 | Ghost Academy | |
| 165 | 13:04 | Liberator | |
| 165 | 13:05 | Liberator, Marauder | |
| 173 | 13:06 | Planetary Fortress | |
| 173 | 13:09 | SCV x2 | |
| 173 | 13:10 | Marauder | |
| 173 | 13:11 | Refinery | |
| 177 | 13:13 | SCV | |
| 178 | 13:21 | Starport Reactor | |
| 178 | 13:22 | Siege Tank | |
| 178 | 13:23 | Starport | |
| 178 | 13:25 | Siege Tank | |
| 119 | 13:42 | Marine x3, Ghost x3 | |
| 113 | 13:49 | Ghost x2, Marine x2 | |
| 113 | 13:50 | Marine x2 | |
| 113 | 13:54 | Siege Tank | |
| 117 | 14:00 | SCV x2 | |
| 117 | 14:01 | SCV x2 | |
| 117 | 14:02 | Marine | |
| 119 | 14:03 | Marine x3 | |
| 119 | 14:04 | Siege Tank | |
| 119 | 14:05 | Starport Reactor | |
| 119 | 14:06 | Liberator x2, Viking x2 | |
| 135 | 14:11 | Ghost x2 | |
| 135 | 14:12 | Marauder | |
| 141 | 14:17 | SCV | |
| 141 | 14:18 | SCV x4, Marauder | |
| 141 | 14:19 | Marauder, Command Center | |
| 141 | 14:21 | Advanced Ballistics | |
| 141 | 14:22 | Personal Cloaking | |
| 150 | 14:26 | Neosteel Armor, Hi-Sec Auto Tracking | |
| 150 | 14:27 | Marine | |
| 150 | 14:28 | Marine | |
| 150 | 14:29 | Marine | |
| 153 | 14:33 | Marauder | |
| 153 | 14:36 | Liberator, Viking | |
| 152 | 14:40 | Marauder x2 | |
| 137 | 15:01 | Marine x2 | |
| 137 | 15:02 | Marine x2, Ghost, Marauder x4 | |
| 137 | 15:06 | Marine | |
| 152 | 15:11 | Marine | |
| 152 | 15:12 | Marine, Viking | |
| 152 | 15:13 | Viking x4 | |
| 164 | 15:17 | Command Center | |
| 164 | 15:18 | Command Center | |
| 164 | 15:20 | Marine x2 | |
| 166 | 15:22 | Ghost | |
| 166 | 15:23 | Armory, Marauder | |
| 166 | 15:24 | Marine | |
| 166 | 15:25 | Refinery x2 | |
| 171 | 15:33 | Caduceus Reactor | |
| 171 | 16:02 | Marine | |
| 171 | 16:05 | Marine | |
| 171 | 16:06 | Marine | |
| 171 | 16:08 | Marine x3 | |
| 171 | 16:09 | Marauder x2 | |
| 171 | 16:10 | Viking | |
| 171 | 16:28 | Siege Tank | |
| 171 | 16:29 | Siege Tank, Marauder x3 | |
| 171 | 16:30 | Marine x2, Ghost x2 | |
| 178 | 16:40 | Marine x3 | |
| 178 | 16:41 | Marine x2 | |
| 178 | 16:42 | Viking x2, Medivac x2, Liberator | |
| 194 | 16:49 | Ghost | |
| 194 | 16:50 | Marauder x2 | |
| 200 | 16:54 | Orbital Command | |
| 200 | 16:55 | Planetary Fortress | |
| 186 | 17:09 | Marine | |
| 186 | 17:10 | Ghost x2, Marine x2 | |
| 186 | 17:11 | Marine x4, Ghost x2 | |
| 197 | 17:19 | Marauder | |
| 197 | 17:21 | Marine x3 | |
| 199 | 17:32 | Nuke | |
| 199 | 17:36 | Terran Vehicle Weapons Level 1 | |
| 199 | 17:40 | Refinery | |
| 199 | 17:41 | Orbital Command | |
| 199 | 17:47 | Marine | |
| 200 | 17:54 | Refinery | |
| 200 | 17:55 | Refinery | |
| 200 | 18:06 | Refinery | |
| 200 | 18:07 | Command Center | |
| 200 | 18:08 | Refinery | |
| 171 | 18:41 | Marine x2, Ghost x4 | |
| 142 | 18:42 | Marine x8, Marauder | |
| 142 | 18:43 | Siege Tank x2 | |
| 142 | 18:44 | Viking, Medivac | |
| 138 | 18:59 | Marine x3 | |
| 138 | 19:02 | Ghost | |
| 141 | 19:09 | Ghost | |
| 143 | 19:10 | Ghost x3 | |
| 143 | 19:15 | Siege Tank | |
| 143 | 19:16 | Marine x5 | |
| 143 | 19:17 | Marine x2 | |
| 159 | 19:20 | SCV | |
| 159 | 19:21 | SCV x2 | |
| 161 | 19:28 | Command Center | |
| 161 | 19:31 | Ghost | |
| 161 | 19:38 | Ghost | |
| 157 | 19:42 | Marine, Ghost x2 | |
| 157 | 19:43 | Marauder | |
| 156 | 19:57 | Marine | |
| 156 | 19:58 | Marine x4 | |
| 146 | 20:00 | Marauder | |
| 146 | 20:04 | Marauder | |
| 146 | 20:06 | Marine x4 | |
| 151 | 20:07 | Siege Tank x2, Marauder | |
| 151 | 20:08 | Liberator x2, Medivac, Viking | |
| 151 | 20:12 | Marauder x2 | |
| 170 | 20:21 | Marauder | |
| 170 | 20:26 | Marauder | |
| 174 | 20:29 | Marauder | |
| 174 | 20:32 | Ghost | |
| 174 | 20:33 | Marauder | |
| 180 | 20:36 | Marine x7 | |
| 180 | 20:37 | Marine x3 | |
| 180 | 20:39 | Siege Tank | |
| 180 | 20:42 | Ghost | |
| 193 | 20:46 | Ghost | |
| 193 | 20:49 | Command Center | |
| 197 | 20:50 | Marine | |
| 197 | 20:53 | Marine | |
| 197 | 20:54 | Marine x3 | |
| 191 | 21:07 | Marine x6 | |
| 191 | 21:08 | Marine | |
| 191 | 21:09 | Marine, Marauder | |
| 180 | 21:11 | Marauder | |
| 164 | 21:20 | Marine x4 | |
| 164 | 21:21 | Marine | |
| 164 | 21:24 | Marine | |
| 164 | 21:25 | Marine, Orbital Command | |
| 163 | 21:30 | Marine, Ghost x2 | |
| 163 | 21:31 | Marauder | |
| 163 | 21:32 | Ghost, Liberator x2, Viking x2, Medivac x2 | |
| 174 | 21:34 | Command Center | |
| 174 | 21:37 | Nuke | |
| 186 | 21:57 | Marine x2 | |
| 186 | 21:58 | Marine x3, Marauder x2 | |
| 186 | 22:00 | Marauder x2 | |
| 186 | 22:01 | Marine | |
| 200 | 22:03 | Refinery x2 | |
| 200 | 22:04 | Orbital Command | |
| 194 | 22:22 | Marine x4 | |
| 193 | 22:23 | Marine | |
| 176 | 22:37 | Marine x4, Ghost x3, Marauder | |
| 176 | 22:38 | Marine, Marauder | |
| 176 | 22:40 | Marine | |
| 192 | 22:51 | Marine | |
| 192 | 22:56 | Command Center | |